 Dungeon Crawl Stone Soup version 0.21-a0-55-gb612c23 (webtiles) character file.

28 grindst0ne the Skirmisher (level 2, 0/24 HPs)
             Began as a Demonspawn Berserker on June 14, 2017.
             Was a Follower of Trog.
             Succumbed to an adder's poison
             ... on level 1 of the Dungeon.
             The game lasted 00:02:12 (892 turns).

grindst0ne the Skirmisher (Demonspawn Berserker)     Turns: 892, Time: 00:02:13

Health: 0/24       AC:  6    Str: 17    XL:     2   Next: 96%
Magic:  1/2        EV: 10    Int:  8    God:    Trog [*.....]
Gold:   49         SH:  0    Dex: 12    Spells: 1/1 levels left

rFire    . . .     SeeInvis .   a - +0 hand axe
rCold    . . .     Gourm    .   (no shield)
rNeg     . . .     Faith    .   e - +0 scale mail
rPois    .         Spirit   +   (no helmet)
rElec    .         Reflect  .   (no cloak)
rCorr    .         Harm     .   (no gloves)
MR       .....                  (no boots)
Stlth    ..........             (no amulet)
HPRegen  0.08/turn              (no ring)
MPRegen  0.08/turn              (no ring)

@: lethally poisoned (0 -> -15)
A: magic shield
a: Berserk, Burn Spellbooks, Renounce Religion


You were on level 1 of the Dungeon.
You worshipped Trog.
Trog was aware of your devotion.
You were not hungry.

You visited 1 branch of the dungeon, and saw 2 of its levels.

You collected 49 gold pieces.

Inventory:

Hand Weapons
 a - a +0 hand axe (weapon)
Armour
 b - a +0 animal skin
 e - a +0 scale mail (worn)
 l - a +0 plate armour
Scrolls
 h - a scroll of teleportation {unknown}
 i - a scroll of identify {unknown}
 j - a scroll of enchant weapon {unknown}
 k - a scroll of magic mapping {unknown}
Comestibles
 c - a bread ration
 f - a meat ration


   Skills:
 + Level 3.6 Fighting
 + Level 3.2 Axes
 - Level 1.7 Armour
 - Level 1.7 Dodging


You had one spell level left.
You didn't know any spells.

Dungeon Overview and Level Annotations

Branches:
Dungeon (2/15)

Altars:


Innate Abilities, Weirdness & Mutations

When hurt, damage is shared between your health and your magic reserves.


Message History

Okay, then.
As you read the scroll labeled HUUNEMN RUSUUCH, it crumbles to dust.
You hear a loud clanging noise!
It was a scroll of noise.
* * * LOW HITPOINT WARNING * * *
You feel sick. The adder bites you but does no damage.
The hobgoblin hits you but does no damage.
The adder bites you but does no damage.
Okay, then.
You miss the adder.
The adder is lightly wounded.
You barely miss the hobgoblin.
* * * LOW HITPOINT WARNING * * *
You feel sick. The adder bites you.
You are more poisoned.
The adder poisons you! The hobgoblin barely misses you.
You closely miss the adder.
The adder is lightly wounded.
You closely miss the hobgoblin.
You die...

..####..# #..#..# #.# ..#
#..# #..##.# #.# ..####..##
#..##.######.# ..##.....#
#..##.##...#.# .........#
#..##.##...#.### .........#
#(.##.##...#...#
.........###.(#...'...'.#.#
..##..<.....(.#..##...#.#.#
..##..........#.@######.#.#
..#####.####..#gS# #.#.#
..# #.# #..#..# #.#.# ..#
#.# #..#..# #...# ..# #.#
#..#.>## #####
..#####.####..#...# #####
..............##..# #...#
..............##..# #...#
..............##.)# #...#


You could see an adder and a hobgoblin.

Vanquished Creatures
  An ooze (D:1)
  A leopard gecko (D:1)
  A giant cockroach (D:1)
  8 goblins (D:1)
  A hobgoblin (D:1)
  2 kobolds (D:1)
  2 bats (D:1)
  2 frilled lizards (D:1)
  3 rats (D:1)
21 creatures vanquished.

Notes
Turn   | Place    | Note
-------+----------+-------------------------------------------
     0 | D:1      | grindst0ne the Demonspawn Berserker began the quest for the Orb.
     0 | D:1      | Reached XP level 1. HP: 18/18 MP: 1/1
   313 | D:1      | Gained mutation: When hurt, damage is shared between your health and your magic reserves. [demonic ancestry]
   313 | D:1      | Reached XP level 2. HP: 24/24 MP: 2/2
   891 | D:1      | HP: 1/24 [poisoned by an adder]
   892 | D:1      | Succumbed to an adder's poison

Vault maps used:
D:1:      dpeg_arrival_boxes_within_box, bh_walls_and_bars
D:2:      chequers_ecumenical_altar_island, st_stairs_13, hex_tiny,
          hangedman_decor_growths, hangedman_feature_mirror

Skill      XL: |  1  2 |
---------------+-------+-----
Axes           | 3 |  3.2
Fighting       | |  3.6
Armour         | |  1.7
Dodging        | |  1.7

Action                   || total
-------------------------++-------
Melee: Hand axe          ||    73
  Use: Scroll            ||     1
 Stab: Sleeping          ||     1
Armor: Scale mail        ||    40
       Animal skin       ||     1
Dodge: Dodged            ||    50
